 Dungeon Crawl Stone Soup version 0.28.0-43-g3370ac3207 (webtiles) character file.

Game seed: 15186466366592992577

896 fknight the Poker (level 8, -2/100 HPs)
             Began as a Gnoll Berserker on Mar 8, 2022.
             Was a Believer of Trog.
             Slain by a killer bee (8 damage)
             ... on level 5 of the Dungeon.
             The game lasted 00:12:01 (4392 turns).

fknight the Poker (Gnoll Berserker)                 Turns: 4392, Time: 00:12:02

Health: -2/100     AC:  9    Str: 18    XL:     8   Next: 7%
Magic:  12/12      EV:  7    Int:  7    God:    Trog [**....]
Gold:   269        SH:  8    Dex: 12    Spells: 12/12 levels left

rFire   . . .      SeeInvis .   a - +0 spear
rCold   . . .      Faith    .   r - +0 kite shield
rNeg    . . .      Spirit   .   l - +0 chain mail
rPois   .          Reflect  .   (no helmet)
rElec   .          Harm     .   (no cloak)
rCorr   .          Rampage  .   (no gloves)
Will    ++...                   (no boots)
Stlth   ..........              j - amulet of the acrobat
HPRegen 1.26/turn               u - ring of flight
MPRegen 0.13/turn               (no ring)

@: berserking (expiring), lethally poisoned (-2 -> -7), strong-willed
(expiring), flying, regenerating (expiring), very quick
A: fangs 1, strong nose, distributed training
a: Renounce Religion, Berserk, Trog's Hand


You were on level 5 of the Dungeon.
You worshipped Trog.
Trog was pleased with you.
You visited 1 branch of the dungeon, and saw 5 of its levels.

You collected 269 gold pieces.

Inventory:

Hand Weapons
 a - a +0 spear (weapon)
 i - a +4 dagger
 q - a +4 dagger
 z - a +0 scythe
 C - a +0 hunting sling
 E - a +1 whip of electrocution
Missiles
 d - 120 stones (quivered)
 h - 32 sling bullets
 p - 6 javelins
 w - 5 poisoned darts
Armour
 b - a +0 animal skin
 l - a +0 chain mail (worn)
 r - a +0 kite shield (worn)
 A - a +2 robe of fire resistance
Jewellery
 j - an amulet of the acrobat (around neck)
 u - a ring of flight (left hand)
 y - an amulet of regeneration
Scrolls
 c - a scroll of amnesia {unknown}
 e - a scroll of holy word {unknown}
 f - a scroll of immolation {unknown}
 g - 3 scrolls of identify {unknown}
 k - a scroll of fear {unknown}
 m - a scroll of teleportation {unknown}
 s - a scroll of magic mapping {unknown}
 v - 2 scrolls of blinking {unknown}
 x - a scroll of vulnerability {unknown}
 B - a scroll of enchant weapon {unknown}
Potions
 n - a potion of cancellation {unknown}
 o - 2 potions of ambrosia {unknown}
 t - a potion of curing {unknown}
 D - a potion of might {unknown}
 F - a potion of lignification {unknown}
 G - a potion of mutation {unknown}


   Skills:
 + Level 7.2 Fighting
 + Level 2.9 Short Blades
 + Level 2.9 Long Blades
 + Level 2.9 Axes
 + Level 2.9 Maces & Flails
 + Level 7.2 Polearms
 + Level 2.9 Staves
 + Level 2.9 Slings
 + Level 2.9 Bows
 + Level 2.9 Crossbows
 + Level 2.9 Throwing
 + Level 5.4 Armour
 + Level 5.4 Dodging
 + Level 2.9 Stealth
 + Level 2.9 Shields
 + Level 2.9 Unarmed Combat
 + Level 2.9 Spellcasting
 + Level 2.3 Conjurations
 + Level 2.3 Hexes
 + Level 2.3 Summonings
 + Level 2.3 Necromancy
 + Level 2.3 Translocations
 + Level 2.3 Transmutations
 + Level 2.3 Fire Magic
 + Level 2.3 Ice Magic
 + Level 2.3 Air Magic
 + Level 2.3 Earth Magic
 + Level 2.3 Poison Magic
 + Level 3.2 Invocations
 + Level 2.9 Evocations


You had 12 spell levels left.
You didn't know any spells.
Your spell library was empty.

Dungeon Overview and Level Annotations

Branches:
Dungeon (5/15)
 Temple: D:4-7

Altars:
Yredelemnul


Innate Abilities, Weirdness & Mutations

You have very sharp teeth.
Your uncanny sense of smell can sniff out nearby items.
Your experience applies equally to all skills.


Message History

* * * LOW HITPOINT WARNING * * *
You are more poisoned.
The killer bee poisons you! The killer bee stings you.
* * * LOW HITPOINT WARNING * * *
You are more poisoned.
The killer bee poisons you!
The ice beast hits you but does no damage.
The killer bee stings you.
* * * LOW HITPOINT WARNING * * *
You miss the killer bee.
* * * LOW HITPOINT WARNING * * *
You feel very sick.
The killer bee stings you but does no damage. x2
You block the ice beast's attack. You block the killer bee's attack.
You closely miss the killer bee.
* * * LOW HITPOINT WARNING * * *
You feel very sick. You block the killer bee's attack. x2
You closely miss the killer bee. Your bite misses the killer bee.
* * * LOW HITPOINT WARNING * * *
You feel very sick. You block the killer bee's attack.
The killer bee stings you but does no damage.
You block the ice beast's attack.
You puncture the killer bee! Your bite misses the killer bee.
The killer bee is heavily wounded.
* * * LOW HITPOINT WARNING * * *
You feel very sick. You block the killer bee's attack.
The killer bee stings you but does no damage.
You block the killer bee's attack.
You barely miss the killer bee.
The killer bee is heavily wounded.
You feel the effects of Trog's Hand fading.
* * * LOW HITPOINT WARNING * * *
You feel very sick. The killer bee closely misses you.
The ice beast hits you but does no damage.
The killer bee barely misses you. The killer bee stings you!
You die...

# # ∆ .... ... .## ∆
...∆ ..# #####(###
####.# #.. ....
##.##.# #.###h##
#...#.######...yyY##.#
................@....+
#...#.#.####..#...##.#
#........# #.........#
#..##.#..# ##......[##
#..#..#..# #######.#
#..#.##..# .# #..#.
#..# # #.... ...#
#.>.. ...#


You could see a black bear, an ice beast and 2 killer bees.

Vanquished Creatures
  Sigmund (D:4)
  A hornet zombie (D:5)
  An ogre (D:3)
  A scorpion (D:3)
  A wyvern zombie (D:5)
  A water moccasin zombie (D:5)
  A killer bee (D:5)
  2 bullfrog zombies (D:5)
  An orc priest (D:5)
  A centaur skeleton (D:5)
  An iguana (D:4)
  A hound zombie (D:5)
  3 adders
  9 gnolls
  An adder zombie (D:5)
  2 dart slugs
  An orc (D:5)
  5 endoplasms
  3 giant cockroaches
  12 goblins
  6 hobgoblins
  2 jackals (D:1)
  4 kobolds
  4 quokkas (D:1)
  7 ball pythons
  3 bats
  A frilled lizard (D:3)
  3 rats
79 creatures vanquished.

Notes
Turn   | Place    | Note
-------+----------+-------------------------------------------
     0 | D:1      | fknight the Gnoll Berserker began the quest for the Orb.
     0 | D:1      | Reached XP level 1. HP: 23/23 MP: 1/1
   255 | D:1      | Reached XP level 2. HP: 29/29 MP: 2/2
   469 | D:1      | Reached XP level 3. HP: 18/35 MP: 3/3
   772 | D:1      | Reached skill level 1 in Invocations
  1118 | D:2      | Reached ** piety under Trog
  1243 | D:2      | Reached skill level 1 in Short Blades
  1243 | D:2      | Reached skill level 1 in Long Blades
  1243 | D:2      | Reached skill level 1 in Axes
  1243 | D:2      | Reached skill level 1 in Maces & Flails
  1243 | D:2      | Reached skill level 1 in Staves
  1243 | D:2      | Reached skill level 1 in Slings
  1243 | D:2      | Reached skill level 1 in Bows
  1243 | D:2      | Reached skill level 1 in Crossbows
  1243 | D:2      | Reached skill level 1 in Throwing
  1243 | D:2      | Reached skill level 1 in Stealth
  1243 | D:2      | Reached skill level 1 in Shields
  1243 | D:2      | Reached skill level 1 in Unarmed Combat
  1243 | D:2      | Reached skill level 1 in Spellcasting
  1243 | D:2      | Reached skill level 1 in Evocations
  1331 | D:2      | Reached XP level 4. HP: 37/41 MP: 5/5
  1481 | D:2      | Reached skill level 1 in Conjurations
  1481 | D:2      | Reached skill level 1 in Hexes
  1481 | D:2      | Reached skill level 1 in Summonings
  1481 | D:2      | Reached skill level 1 in Necromancy
  1481 | D:2      | Reached skill level 1 in Translocations
  1481 | D:2      | Reached skill level 1 in Transmutations
  1481 | D:2      | Reached skill level 1 in Fire Magic
  1481 | D:2      | Reached skill level 1 in Ice Magic
  1481 | D:2      | Reached skill level 1 in Air Magic
  1481 | D:2      | Reached skill level 1 in Earth Magic
  1481 | D:2      | Reached skill level 1 in Poison Magic
  1627 | D:2      | Reached XP level 5. HP: 47/47 MP: 6/6
  1817 | D:3      | Found a faded altar of an unknown god.
  2490 | D:4      | Noticed an ogre
  2504 | D:3      | Reached XP level 6. HP: 41/53 MP: 8/8
  2507 | D:3      | Reached skill level 5 in Armour
  2507 | D:3      | Reached skill level 5 in Dodging
  3025 | D:4      | Noticed Sigmund
  3032 | D:4      | Killed Sigmund
  3033 | D:4      | Reached XP level 7. HP: 60/60 MP: 10/10
  3438 | D:5      | Entered Level 5 of the Dungeon
  3952 | D:5      | Found a basalt altar of Yredelemnul.
  4257 | D:5      | Reached XP level 8. HP: 56/67 MP: 12/12
  4392 | D:5      | Slain by a killer bee

Illustrated notes

Levels and vault maps discovered:
D:1:      wander_arrival_chamber, layout_loops_ring,
          minmay_misc_feat_more_columns, hangedman_decor_peaks_small
D:2:      layout_rooms, kennysheep_generic_room_13
D:3:      layout_loops_ring, basic_ecumenical_altar
D:4:      layout_cave_pools, uniq_sigmund
D:5:      layout_loops_corners, nicolae_yredelemnul_corpse_copse,
          fedhas_altar_fruit_tree

Skill      XL: |  1  2  3  4  5  6  7 |
---------------+----------------------+-----
Invocations    | 1 2 3 |  3.2
Short Blades   | 1 2 |  2.9
Long Blades    | 1 2 |  2.9
Axes           | 1 2 |  2.9
Maces & Flails | 1 2 |  2.9
Staves         | 1 2 |  2.9
Slings         | 1 2 |  2.9
Bows           | 1 2 |  2.9
Crossbows      | 1 2 |  2.9
Throwing       | 1 2 |  2.9
Stealth        | 1 2 |  2.9
Shields        | 1 2 |  2.9
Unarmed Combat | 1 2 |  2.9
Spellcasting   | 1 2 |  2.9
Evocations     | 1 2 |  2.9
Conjurations   | 1 2 |  2.3
Hexes          | 1 2 |  2.3
Summonings     | 1 2 |  2.3
Necromancy     | 1 2 |  2.3
Translocations | 1 2 |  2.3
Transmutations | 1 2 |  2.3
Fire Magic     | 1 2 |  2.3
Ice Magic      | 1 2 |  2.3
Air Magic      | 1 2 |  2.3
Earth Magic    | 1 2 |  2.3
Poison Magic   | 1 2 |  2.3
Armour         | 5 |  5.4
Dodging        | 5 |  5.4
Fighting       | 7 |  7.2
Polearms       | 7 |  7.2

Action                   |  1- 3 |  4- 6 |  7- 9 || total
-------------------------+-------+-------+-------++-------
Melee: Spear             |    97 |   107 |   130 ||   334
       Bite              |     5 |     8 |    16 ||    29
       Punch             |     1 |       |       ||     1
Throw: Stone             |       |     7 |    14 ||    21
Invok: Berserk           |     1 |     4 |     2 ||     7
       Trog's Hand       |       |       |     1 ||     1
 Stab: Sleeping          |     1 |       |       ||     1
Armor: Animal skin       |     4 |       |       ||     4
       Chain mail        |     8 |    23 |    37 ||    68
Dodge: Dodged            |    22 |    27 |    39 ||    88
Block: Kite shield       |       |    11 |    55 ||    66
